 Dungeon Crawl Stone Soup version 0.32-a0-306-gfed3edf829 (webtiles) character file.

Game seed: 8691142741189507106

683 pokeman the Thaumaturge (level 7, -7/40 HPs)
             Began as a Deep Elf Hedge Wizard on Feb 14, 2024.
             Mangled by an ogre
             ... wielding a +0 giant club
              (28 damage)
             ... on level 5 of the Dungeon.
             The game lasted 00:07:59 (3698 turns).

pokeman the Thaumaturge (Deep Elf Hedge Wizard)     Turns: 3698, Time: 00:07:59

Health: -7/40      AC:  5    Str:  7    XL:     7   Next: 35%
Magic:  18/20      EV: 13    Int: 21    God:
Gold:   203        SH:  0    Dex: 14    Spells: 14/22 levels left

rFire   . . .        o - +2 sling (flame)
rCold   . . .        (no shield)
rNeg    + . .        b - +0 robe
rPois   .            A - +1 helmet
rElec   .            (no cloak)
rCorr   .            s - +0 pair of gloves
SInv    .            (no boots)
Will    .....        (no amulet)
Stlth   ++           e - ring of positive energy
HPRegen 0.26/turn    (no ring)
MPRegen 0.17/turn

%: no passive effects
@: no status effects
A: no striking features
a: no special abilities


You were on level 5 of the Dungeon.
You visited 1 branch of the dungeon, and saw 5 of its levels.

You collected 203 gold pieces.

Inventory:

Hand Weapons
 o - a +2 sling of flaming (weapon)
Armour
 b - a +0 robe (worn)
 s - a +0 pair of gloves (worn)
 A - a +1 helmet (worn)
Magical Staves
 h - a staff of earth
Jewellery
 e - a ring of positive energy (left hand)
Wands
 t - a wand of acid (18)
 u - a wand of mindburst (7)
Scrolls
 a - a scroll of teleportation {unknown}
 c - 2 scrolls of blinking {unknown}
 i - 2 scrolls of immolation {unknown}
 j - a scroll of amnesia {unknown}
 k - a scroll of vulnerability {unknown}
 l - a scroll of silence {unknown}
 m - 2 scrolls of enchant armour {unknown}
 n - 3 scrolls of identify {unknown}
 p - 3 scrolls of fog {unknown}
 w - 3 scrolls of enchant weapon {unknown}
 x - 3 scrolls of brand weapon {unknown}
 y - a scroll of fear {unknown}
Potions
 d - 2 potions of magic
 f - 4 potions of curing {unknown}
 g - 2 potions of lignification {unknown}
 q - 2 potions of heal wounds {unknown}
 r - 2 potions of attraction {unknown}
 v - a potion of degeneration {unknown}
 z - a potion of cancellation {unknown}


   Skills:
 - Level 2.1 Fighting
 + Level 1.3 Armour
 - Level 3.0 Dodging
 - Level 3.0 Stealth
 * Level 8.3 Spellcasting
 + Level 4.1 Conjurations
 - Level 1.1 Summonings
 - Level 1.1 Translocations
 - Level 1.0 Air Magic
 + Level 0.0 Earth Magic
 - Level 1.1 Alchemy
 - Level 1.0 Evocations


You had 14 spell levels left.
You knew the following spells:

 Your Spells              Type           Power      Damage    Failure   Level
a - Magic Dart            Conj           100%       1d8       1%          1
b - Mephitic Cloud        Conj/Alch/Air  17%        N/A       10%         3
c - Call Imp              Summ           26%        N/A       8%          2
d - Blink                 Tloc           26%        N/A       8%          2

Your spell library contained the following spells:

 Spells                   Type           Power      Damage    Failure   Level
 Slow                     Hex            32%        N/A       8%          1
 Cigotuvi's Dreadful Rot  Necr/Alch/Air  22%        N/A       9%          2


Dungeon Overview and Level Annotations

Branches:
Dungeon (5/15)
 Temple: D:4-7

Altars:
Dithmenos
Elyvilon


Message History

An ogre comes into view. It is wielding a +0 giant club.
The ogre shouts!
Casting: Magic Dart (safe; 1% risk of failure)
Confirm with . or Enter, or press ? or * to list all spells.
Aiming: Mephitic Cloud (dangerous; 10% risk of failure)
Press: ? - help, Shift-Dir - straight line, f - ogre
Aim: an ogre, wielding a +0 giant club (chance to affect: 77%)
The ball explodes into a vile cloud!
The stinking cloud engulfs the ogre.
The stinking cloud engulfs you.
You are engulfed in noxious fumes.
You choke on the stench!
You are confused.
The ogre is engulfed in noxious fumes.
The ogre hits you with a +0 giant club!!
Ouch! That really hurt!
Unknown command.
You feel less confused.
Fire: o) +2 sling (flame)
Press: ? - help, Q - select action, (/) - cycle Shift-Dir - straight line, f/p - ogre
Aim: an ogre, wielding a +0 giant club (noxious fumes, 74% to hit)
You shoot a sling bullet.
The sling bullet hits the ogre but does no damage.
The ogre is engulfed in noxious fumes. x2; The ogre appears confused.
The ogre completely misses you.
Fire: o) +2 sling (flame)
Press: ? - help, Q - select action, (/) - cycle Shift-Dir - straight line, f/p - ogre
Aim: an ogre, wielding a +0 giant club (noxious fumes, confused, 86% to hit)
You shoot a sling bullet.
The sling bullet completely misses the ogre.
The ogre is engulfed in noxious fumes.
The ogre appears confused.
Fire: o) +2 sling (flame)
Press: ? - help, Q - select action, (/) - cycle Shift-Dir - straight line, f/p - ogre
Aim: an ogre, wielding a +0 giant club (noxious fumes, confused, 86% to hit)
You shoot a sling bullet. The sling bullet hits the ogre.
The sling bullet burns the ogre.
The ogre is lightly wounded.
An adder comes into view.
The ogre is engulfed in noxious fumes.
The ogre hits you with a +0 giant club!!
Ouch! That really hurt!
You die...

#.#.### #.#
#.....####..
#........###
#.....##.#
#.....##.#
#.....##.#
###.####.# #.#
#.# #.. #@# ##
#O#
#.....○○......
#.####§##.####
#.# # #.# #.#
..S ...


You could see an ogre (confused) and an adder (wandering).

Vanquished Creatures
  An ice beast (D:4)
  A black bear (D:4)
  Blork the orc (D:5)
  A scorpion (D:4)
  A bombardier beetle (D:3)
  A hound (D:4)
  An iguana (D:5)
  Terence (D:3)
  8 adders
  8 dart slugs
  3 ribbon worms
  4 orcs (D:4)
  14 ball pythons
  7 bats
  9 endoplasms
  2 giant cockroaches (D:4)
  7 hobgoblins
  10 jackals
  3 quokkas
  2 frilled lizards
  6 goblins
  6 kobolds
  4 rats
101 creatures vanquished.

Vanquished Creatures (collateral kills)
  A giant cockroach (D:4)
1 creature vanquished.

Grand Total: 102 creatures vanquished

Notes
Turn   | Place    | Note
-------+----------+-------------------------------------------
     0 | D:1      | pokeman the Deep Elf Hedge Wizard began the quest for the
                  | Orb.
     0 | D:1      | Reached XP level 1. HP: 10/10 MP: 7/7
   146 | D:1      | Reached XP level 2. HP: 15/15 MP: 4/9
   505 | D:1      | Reached skill level 5 in Spellcasting
   603 | D:1      | Reached XP level 3. HP: 20/20 MP: 8/11
   607 | D:1      | Learned a level 3 spell: Mephitic Cloud
   610 | D:1      | Learned a level 2 spell: Call Imp
   613 | D:1      | Learned a level 2 spell: Blink
   960 | D:2      | Reached skill level 1 in Armour
   969 | D:2      | Reached skill level 1 in Fighting
  1052 | D:2      | Reached XP level 4. HP: 25/25 MP: 13/13
  1725 | D:3      | Reached skill level 6 in Spellcasting
  1821 | D:3      | Reached XP level 5. HP: 29/29 MP: 15/15
  1958 | D:3      | Noticed Terence
  1970 | D:3      | Killed Terence
  2241 | D:3      | Reached skill level 1 in Air Magic
  2241 | D:3      | Reached skill level 1 in Alchemy
  2241 | D:3      | Reached skill level 1 in Evocations
  2606 | D:4      | Reached XP level 6. HP: 23/34 MP: 10/17
  2637 | D:4      | Reached skill level 7 in Spellcasting
  2706 | D:4      | Noticed an ice beast
  2878 | D:4      | Found a shadowy altar of Dithmenos.
  2942 | D:4      | Killed an ice beast
  3097 | D:4      | Found a white marble altar of Elyvilon.
  3282 | D:4      | Reached skill level 8 in Spellcasting
  3282 | D:4      | Reached XP level 7. HP: 40/40 MP: 16/20
  3439 | D:5      | Entered Level 5 of the Dungeon
  3579 | D:5      | Noticed Blork the orc
  3583 | D:5      | Killed Blork the orc
  3698 | D:5      | Mangled by an ogre

Illustrated notes

Levels and vault maps discovered:
D:1:      minmay_arrival_wavy_path, layout_rooms
D:2:      layout_basic
D:3:      layout_loops_ring, kennysheep_generic_room_12, uniq_terence
D:4:      black_bear_nest_1, layout_cave_pools, kennysheep_mini,
          nicolae_dithmenos_the_darkroom, kennysheep_doodads,
          minmay_pentomino_pile
D:5:      layout_loops_ring, minmay_temple_entry_gardened_gates,
          hangedman_decor_push, uniq_blork_the_orc

Skill      XL: |  1  2  3  4  5  6  7 |
---------------+----------------------+-----
Spellcasting   | 5 6 8 |  8.3
Armour         | 1 |  1.3
Fighting       | 1 2 |  2.1
Conjurations   | 2 3 4 |  4.1
Dodging        | 3 |  3.0
Stealth        | 3 |  3.0
Air Magic      | 1 |  1.0
Alchemy        | 1 |  1.1
Evocations     | 1 |  1.0
Summonings     | |  1.1
Translocations | |  1.1

Action                     |  1- 3 |  4- 6 |  7- 9 || total
---------------------------+-------+-------+-------++-------
   Fire: Sling             |    28 |   149 |    14 ||   191
   Cast: Magic Dart        |    39 |    28 |     2 ||    69
         Mephitic Cloud    |       |    10 |     2 ||    12
         Blink             |       |     3 |       ||     3
         Call Imp          |       |     1 |       ||     1
 Armour: Robe              |     7 |    57 |     3 ||    67
  Dodge: Dodged            |     9 |    89 |     6 ||   104

Table legend: (Time is in decaauts)
 A = Elapsed time spent in this place.
 B = Non-inter-level travel time spent in this place.
 C = Inter-level travel time spent in this place.
 D = Time resting spent in this place.
 E = Time spent auto-exploring this place.
 F = Levels seen in this place.
 G = Mean time per level.
                   A        B        C        D        E       F      G
               +--------+--------+--------+--------+--------+-----+--------+
         Total |   3772 |   3574 |    198 |     72 |   2859 |   5 |  754.4 |
       Dungeon |   3772 |   3574 |    198 |     72 |   2859 |   5 |  754.4 |
               +--------+--------+--------+--------+--------+-----+--------+

Top non-repeatable levels by time:
     D:3: 935 daAuts
     D:1: 873 daAuts
     D:4: 868 daAuts
     D:2: 831 daAuts
     D:5: 263 daAuts
